 Dungeon Crawl Stone Soup version 0.30.1-11-g7821555f0a (webtiles) character file.

Game seed: 413470656561884630

95 Nonny the Firebug (level 4, -2/24 HPs)
             Began as a Tengu Fire Elementalist on Oct 28, 2023.
             Slain by an orc
             ... wielding a +0 short sword
              (5 damage)
             ... on level 2 of the Dungeon.
             The game lasted 00:08:15 (1870 turns).

Nonny the Firebug (Tengu Fire Elementalist)         Turns: 1870, Time: 00:08:15

Health: -2/24      AC:  2    Str:  8    XL:     4   Next: 65%
Magic:  5/8        EV: 13    Int: 18    God:
Gold:   68         SH:  0    Dex: 14    Spells: 1/7 levels left

rFire   . . .        k - staff of conjuration
rCold   . . .        (no shield)
rNeg    . . .        a - +0 robe
rPois   .            (helmet restricted)
rElec   .            (no cloak)
rCorr   .            (no gloves)
SInv    .            (boots unavailable)
Will    .....        (no amulet)
Stlth   ++           h - ring of wizardry
HPRegen 0.24/turn    (no ring)
MPRegen 0.11/turn

%: wizardry (x1)
@: no status effects
A: beak, talons 3
a: no special abilities


You were on level 2 of the Dungeon.
You visited 1 branch of the dungeon, and saw 3 of its levels.

You collected 68 gold pieces.

Inventory:

Armour
 a - a +0 robe (worn)
Magical Staves
 k - a staff of conjuration (weapon)
Jewellery
 h - a ring of wizardry (left hand)
 l - a +6 ring of intelligence
Scrolls
 c - 3 scrolls of identify {unknown}
 e - a scroll of teleportation {unknown}
 f - a scroll of enchant weapon {unknown}
 i - a scroll of immolation {unknown}
 o - a scroll of noise {unknown}
Potions
 b - a potion of magic
 d - a potion of invisibility {unknown}
 g - 3 potions of curing {unknown}
 j - a potion of attraction {unknown}
 m - a potion of haste {unknown}
 n - a potion of flight {unknown}


   Skills:
 + Level 0.9 Fighting
 + Level 0.1 Staves
 - Level 3.0 Dodging
 - Level 2.0 Stealth
 - Level 2.0 Spellcasting
 + Level 3.1 Conjurations
 + Level 4.6 Fire Magic


You had one spell level left.
You knew the following spells:

 Your Spells              Type           Power      Damage    Failure   Level
a - Foxfire               Conj/Fire      92%        2x1d8     1%          1
b - Scorch                Fire           36%        2d6       1%          2
c - Volatile Blastmotes   Fire/Tloc      20%        2d11      9%          3

Your spell library contained the following spells:

 Spells                   Type           Power      Damage    Failure   Level
 Magic Dart               Conj           76%        1d6       1%          1
 Slow                     Hex            4%         N/A       8%          1
 Searing Ray              Conj           38%        2d5       3%          2
 Momentum Strike          Conj/Tloc      22%        3d8       6%          2
 Inner Flame              Hex/Fire       10%        N/A       9%          3
 Blink                    Tloc           2%         N/A       11%         2
 Lesser Beckoning         Tloc           2%         N/A       11%         2
 Flame Wave               Conj/Fire      23%        2d8       16%         4
 Confusing Touch          Hex            1%         N/A       21%         3
 Vampiric Draining        Necr           1%         2d6       21%         3
 Fulminant Prism          Conj/Hex       5%         3d7       34%         4


Dungeon Overview and Level Annotations

Branches:
Dungeon (3/15)

Altars:


Innate Abilities, Weirdness & Mutations

You have a beak for a mouth.
You have claws for feet.


Message History

The orc hits you with a +0 short sword. The orc barely misses you.
You climb upwards.
There is a stone staircase leading down here.
Casting: Foxfire (safe; 1% risk of failure)
Confirm with . or Enter, or press ? or * to list all spells.
You feel a surge of power!
You conjure some foxfire!
The orc closely misses you. x2; The orc barely misses your foxfire.
You barely miss the orc. You peck the orc.
The orc is severely wounded.
The foxfire hits the orc but does no damage.
The orc barely misses you. The orc hits you with a +0 short sword.
The orc hits you with a +0 hand axe. The orc hits you with a +0 short sword.
Unknown command.
Casting: Foxfire (safe; 1% risk of failure)
Confirm with . or Enter, or press ? or * to list all spells.
You feel a surge of power!
You conjure some foxfire!
The orc closely misses you. The orc hits you with a +0 hand axe.
The orc hits your foxfire with a +0 hand axe.
Unknown command.
You hit the orc.
The orc is almost dead.
The foxfire hits the orc.
The orc is heavily wounded.
The orc hits you with a +0 hand axe.
* * * LOW HITPOINT WARNING * * *
The orc barely misses you.
Casting: Foxfire (safe; 1% risk of failure)
Confirm with . or Enter, or press ? or * to list all spells.
You feel a surge of power!
You conjure some foxfire!
The orc barely misses you. The orc misses you.
The orc hits your foxfire with a +0 hand axe.
Unknown command.
You hit the orc but do no damage. Your kick misses the orc.
The orc is almost dead.
The foxfire hits the orc but does no damage.
The orc is heavily wounded.
The orc hits you with a +0 hand axe.
* * * LOW HITPOINT WARNING * * *
The orc hits you with a +0 short sword.
You die...

##.#....#♣..♣~♣~~~~..♣###
#..........♣..♣~♣~~...♣.######
##..........♣..♣~~....P.......
#.#..#...##.......P##........
#.#..#...........#.##........
##.#..#..###...##.#.##........
#.....#..####.#...#.##........
####.##..#..oo#####.##........
#.......[.@# #...........
##################.........
#.............#.######..
#.#..########.#.# #..
#.#.............# #..
#....##.........# #..
###.............# #..
#.###.........# #..
#.###.#####.### ###


You could see 2 orcs.

Vanquished Creatures
  An orc priest (D:3)
  2 adders
  6 ball pythons
  4 bats
  3 endoplasms
  2 giant cockroaches
  4 goblins (D:1)
  3 hobgoblins
  9 jackals
  2 quokkas (D:1)
  2 frilled lizards
  3 kobolds (D:1)
  3 rats (D:1)
44 creatures vanquished.

Vanquished Creatures (others)
  A minotaur (D:1)
  A draconian (D:1)
  A gargoyle (D:1)
  An elf (D:1)
  A merfolk (D:1)
  A formicid (D:1)
  2 humans (D:1)
  2 spriggans (D:1)
  A naga (D:1)
  A demigod (D:1)
  An ogre (D:1)
  A felid (D:1)
  A gnoll (D:1)
  51 foxfires
  5 tentacles (D:1)
71 creatures vanquished.

Grand Total: 115 creatures vanquished

Notes
Turn   | Place    | Note
-------+----------+-------------------------------------------
     0 | D:1      | Nonny the Tengu Fire Elementalist began the quest for the
                  | Orb.
     0 | D:1      | Reached XP level 1. HP: 10/10 MP: 4/4
     2 | D:1      | Noticed a felid
     2 | D:1      | Noticed a formicid
     2 | D:1      | Noticed a minotaur
     2 | D:1      | Noticed a human
     2 | D:1      | Noticed a gargoyle
     2 | D:1      | Noticed a naga
     2 | D:1      | Noticed an elf
     2 | D:1      | Noticed a kraken
     2 | D:1      | Noticed a spriggan
     2 | D:1      | Noticed an ogre
     2 | D:1      | Noticed a merfolk
     2 | D:1      | Noticed a human
     2 | D:1      | Noticed a demigod
     2 | D:1      | Noticed a draconian
     2 | D:1      | Noticed a spriggan
     3 | D:1      | Killed a naga
     4 | D:1      | Killed a gargoyle
     5 | D:1      | Killed an elf
     5 | D:1      | Killed a formicid
     5 | D:1      | Killed a felid
     7 | D:1      | Killed an ogre
     7 | D:1      | Killed a spriggan
     8 | D:1      | Killed a merfolk
     9 | D:1      | Killed a demigod
    10 | D:1      | Killed a human
    10 | D:1      | Killed a spriggan
    10 | D:1      | Killed a minotaur
    11 | D:1      | Killed a human
    13 | D:1      | Killed a draconian
   201 | D:1      | Reached XP level 2. HP: 15/15 MP: 6/6
   391 | D:1      | Reached skill level 4 in Fire Magic
   432 | D:1      | Learned a level 2 spell: Scorch
   497 | D:1      | Reached XP level 3. HP: 16/19 MP: 7/7
   710 | D:1      | Book of Spatial Tanslocations in wes.
   873 | D:1      | Learned a level 3 spell: Volatile Blastmotes
  1050 | D:2      | Book of Debilitation in north, south of pond.
  1165 | D:2      | staff of conjuration in northeast
  1675 | D:3      | Reached XP level 4. HP: 24/24 MP: 3/8
  1770 | D:3      | Book of Conjurations
  1790 | D:3      | Found a faded altar of an unknown god.
  1870 | D:2      | Slain by an orc

Illustrated notes #..........#... ##............. .....#...######## ####.#...# ###.#...# ##........# #.......#.# #.#.#.###.# ##@#.#.# #.# #.###....#.# #.# #..........# #.# #####....### #.# ##.#.# #.# #.#)## ##.## #....###...####### #................# #....###...####... Turn 710 on D:1: Book of Spatial Tanslocations in wes.

. #♣..♣~♣~~~~..♣### ..
..♣..♣~♣~~...♣.##### ...
..♣..♣~~....P......
...##.......P##.......
...........#.##.......
##...##.#.##.......
####.#...#.##.......
##..#....#####.##.......
......[@># #..........
################........
#.............#.######.
#.#..########.#.#
#.#.............#
#....##.........#
###.............#
#.###.........#
#.###.#####.###


Turn 1050 on D:2: Book of Debilitation in north, south of pond. ...>....#
........# ........# ........### ### ..........#### #.. # ..........##.# #.# .#
..........##.# #.# .. ........##.#.###.#.#..# ........##.#....@.....#
........##.#.##.####..# ....##..##.#.##... .#####.....#.#.....# .#
#.###...####.... .. ##### ..#.< ## ... . #.. Turn 1165 on D:2: staff of
conjuration in northeast ......#........# . ......#..#.###.. ......#....#
......#....# ...........# .........#.# .....#...#.### ######.......#
.......@....# #####.......# #.......# #.......# .........# #.....=...#
##........# #........# Turn 1770 on D:3: Book of Conjurations

Levels and vault maps discovered:
D:1:      nicolae_arrival_kraken_aquarium_b, layout_loops_ring
D:2:      layout_basic, serial_bayou, serial_bayou_ford_a, serial_bayou_pond_e,
          serial_bayou_pond_d, serial_bayou_pond_a, skrybe_limestone_x
D:3:      layout_rooms, ebering_ecumenical_altar_ruins, goddamned_bats

Skill      XL: |  1  2  3  4 |
---------------+-------------+-----
Fire Magic     | 4 |  4.6
Conjurations   | 2 3 |  3.1
Dodging        | 3 |  3.0
Fighting       | |  0.9
Staves         | |  0.1
Stealth        | |  2.0
Spellcasting   | |  2.0

Action                     |  1- 3 |  4- 6 || total
---------------------------+-------+-------++-------
  Melee: Unarmed           |    60 |       ||    60
         Kick              |    25 |     1 ||    26
         Peck              |    12 |     1 ||    13
         Staff             |    18 |     5 ||    23
         Punch             |     1 |       ||     1
   Cast: Foxfire           |    30 |    12 ||    42
         Scorch            |     3 |       ||     3
   Stab: Sleeping          |     2 |       ||     2
 Armour: Robe              |    25 |     5 ||    30
  Dodge: Dodged            |    68 |    20 ||    88
